 Dungeon Crawl Stone Soup version 0.19.4 (console) character file.

291 Kloppie the Skirmisher (level 6, 0/60 HPs)
             Began as a Minotaur Fighter on Feb 4, 2017.
             Succumbed to a water moccasin's poison
             ... on level 3 of the Dungeon.
             The game lasted 00:02:27 (1761 turns).

Kloppie the Skirmisher (Minotaur Fighter)           Turns: 1761, Time: 00:02:27

Health: 0/60       AC:  6    Str: 22      XL:     6   Next: 10%
Magic:  5/5        EV:  7    Int:  3 (5)  God:
Gold:   124        SH:  9    Dex:  7 (10) Spells: 0 memorised, 5 levels left

rFire  . . .     SeeInvis .     a - +0 war axe
rCold  . . .     Gourm    .     b - +0 scale mail
rNeg   . . .     Faith    .     c - +0 shield
rPois  .         Spirit   .     (helmet restricted)
rElec  .         Reflect  .     (no cloak)
rCorr  .         Harm     .     (no gloves)
MR     .....                    (no boots)
Stlth  ..........               (no amulet)
                                (no ring)
                                (no ring)

@: lethally poisoned (0 -> -4)
A: retaliatory headbutt, horns 2, talons 1
a: no special abilities


You were on level 3 of the Dungeon.
You were not hungry.

You visited 1 branch of the dungeon, and saw 3 of its levels.

You collected 124 gold pieces.

Inventory:

Hand Weapons
 a - a +0 war axe (weapon)
Armour
 b - a +0 scale mail (worn)
 c - a +0 shield (worn)
Scrolls
 e - a scroll of identify {unknown}
 j - 3 scrolls of remove curse {unknown}
 k - a scroll of random uselessness {unknown}
 m - a scroll of enchant weapon {unknown}
 n - 2 scrolls of immolation {unknown}
 p - a scroll of fear {unknown}
Potions
 d - a potion of might
Comestibles
 f - 4 bread rations
 g - a beef jerky
 i - 2 chunks of flesh


   Skills:
 * Level 7.1 Fighting
 + Level 4.8 Axes
 - Level 3.6 Armour
 - Level 3.6 Shields


You had 5 spell levels left.
You didn't know any spells.

Dungeon Overview and Level Annotations

Branches:
Dungeon (3/15)

Altars:
Ru
Xom


Innate Abilities, Weirdness & Mutations

You reflexively headbutt those who attack you in melee.
You have a pair of horns on your head.
You have sharp toenails.


Message History

You feel stronger.
It was a potion of beneficial mutation.
Your toenails lengthen and sharpen.
You feel fantastic!
* * * LOW HITPOINT WARNING * * *
You feel sick.
It was a potion of cancellation.
Your magical effects are unravelling.
You feel magically purged.
Your magical contamination has completely faded away.
You flicker back into view.
You feel a little less clever now.
* * * LOW HITPOINT WARNING * * *
You feel sick.
* * * LOW HITPOINT WARNING * * *
You feel sick.
* * * LOW HITPOINT WARNING * * *
You feel sick.
* * * LOW HITPOINT WARNING * * *
You feel sick.
You die...

##. #.........#
...####...# ##.
#...###### .#
#.......$.#
#.####...#####.#
#..............##
.................#
##...............#
######...@.?....#
#.###†#####.# #.
#.# #. #.# .. ..#
#.# ..# #.#


There were no monsters in sight!

Vanquished Creatures
  A water moccasin (D:3)
  The ghost of luab the Ducker, an amateur OpFi of Hepliaklqana (D:3)
  Terence (D:2)
  A gnoll (D:1)
  3 adders
  3 worms
  2 dart slugs (D:1)
  A leopard gecko (D:2)
  2 giant cockroaches (D:2)
  3 goblins
  4 hobgoblins
  4 jackals (D:1)
  A quokka (D:2)
  8 bats
  3 frilled lizards
  5 kobolds
  5 rats
48 creatures vanquished.

Notes
Turn   | Place    | Note
-------+----------+-------------------------------------------
     0 | D:1      | Kloppie the Minotaur Fighter began the quest for the Orb.
     0 | D:1      | Reached XP level 1. HP: 19/19 MP: 0/0
   129 | D:1      | Found a shimmering altar of Xom.
   194 | D:1      | Reached skill level 4 in Fighting
   375 | D:1      | Reached XP level 2. HP: 24/27 MP: 1/1
   591 | D:1      | Reached XP level 3. HP: 34/34 MP: 2/2
  1159 | D:2      | Found a sacrificial altar of Ru.
  1279 | D:2      | Reached skill level 5 in Fighting
  1457 | D:2      | Reached XP level 4. HP: 38/42 MP: 3/3
  1508 | D:2      | Noticed Terence
  1514 | D:2      | Killed Terence
  1674 | D:3      | Noticed luab's ghost (amateur OpFi)
  1680 | D:3      | Killed luab's ghost
  1680 | D:3      | Reached skill level 6 in Fighting
  1680 | D:3      | Reached XP level 5. HP: 51/51 MP: 4/4
  1727 | D:3      | Noticed a water moccasin
  1753 | D:3      | Killed a water moccasin
  1753 | D:3      | Reached skill level 7 in Fighting
  1753 | D:3      | Reached XP level 6. HP: 4/60 MP: 5/5
  1754 | D:3      | Gained mutation: You have sharp toenails. [potion of beneficial mutation]
  1755 | D:3      | HP: 3/60 [poisoned by a water moccasin]
  1758 | D:3      | HP: 1/60 [poisoned by a water moccasin]
  1761 | D:3      | Succumbed to a water moccasin's poison

Skill      XL: |  1  2  3  4  5 |
---------------+----------------+-----
Fighting       | 4 5 6 7 |  7.1
Axes           | 3 4 |  4.8
Armour         | |  3.6
Shields        | |  3.6

Action                   |  1- 3 |  4- 6 || total
-------------------------+-------+-------++-------
Melee: War axe           |   104 |    35 ||   139
       Headbutt          |    12 |     2 ||    14
  Use: Potion            |       |     8 ||     8
  Eat: Chunk             |     2 |     1 ||     3
Armor: Scale mail        |    52 |    12 ||    64
Dodge: Dodged            |    37 |    12 ||    49
Block: Shield            |    71 |    25 ||    96
